 Dungeon Crawl Stone Soup version 0.17-a0-1997-ga88ed7d (webtiles) character file.

79 Ordine the Skirmisher (level 4, -3/33 HPs)
             Began as an Octopode Fighter on Oct 8, 2015.
             Slain by a centaur
             ... wielding a +0 spear
              (7 damage)
             ... on level 3 of the Dungeon.
             The game lasted 00:03:48 (2201 turns).

Ordine the Skirmisher (Octopode Fighter)            Turns: 2201, Time: 00:03:48

Health: -3/33      AC:  1    Str: 15    XL:     4   Next: 37%
Magic:  4/4        EV: 10    Int: 10    God:
Gold:   91         SH:  8    Dex: 12    Spells: 0 memorised, 3 levels left

rFire  . . .     SeeInvis .     a - +0 long sword
rCold  . . .     Clarity  .     b - +0 shield
rNeg   . . .     SustAt   .     (helmet restricted)
rPois  .         Gourm    .     (no amulet)
rElec  .         Spirit   .     (no ring)
rCorr  .         Warding  .     (no ring)
rMut   .         Stasis   .     (no ring)
MR     .....                    (no ring)
Stlth  ++........               (no ring)
                                (no ring)
                                (no ring)
                                (no ring)

@: lethally poisoned (-3 -> -6), very slightly contaminated, hasted, very quick,
not resistant to hostile enchantments, unstealthy
A: almost no armour, amphibious, 8 rings, constrict 8, camouflage 1, gelatinous
body 1
a: no special abilities


You were on level 3 of the Dungeon.
You were not hungry.

You visited 1 branch of the dungeon, and saw 3 of its levels.

You collected 91 gold pieces.

Inventory:

Hand Weapons
 a - a +0 long sword (weapon)
Missiles
 g - 16 tomahawks (quivered)
 i - 60 stones
 q - 9 poisoned needles
Armour
 b - a +0 shield (worn)
Scrolls
 e - a scroll of magic mapping {unknown}
 f - a scroll of remove curse {unknown}
 h - 4 scrolls of identify {unknown}
 k - a scroll of teleportation {unknown}
 m - 2 scrolls of enchant weapon {unknown}
 o - a scroll of noise {unknown}
 u - a scroll of enchant armour {unknown}
Potions
 c - a potion of might
 l - a potion of cure mutation {unknown}
 n - a potion of haste
 r - a potion of magic
Comestibles
 d - 3 bread rations
 j - 5 fruits
 p - a beef jerky
 s - 2 meat rations
 t - 10 chunks of flesh
 v - a slice of pizza


   Skills:
 + Level 4.3 Fighting
 + Level 3.2 Long Blades
 - Level 3.0 Dodging
 - Level 3.0 Shields


You had 3 spell levels left.
You didn't know any spells.

Dungeon Overview and Level Annotations

Branches:
Dungeon (3/15)

Altars:


Innate Abilities, Weirdness & Mutations

You cannot wear most types of armour.
You are amphibious.
You can wear up to eight rings at the same time.
You can use your tentacles to constrict eight enemies at once.
Your skin changes colour to match your surroundings (Stealth).
Your rubbery body absorbs attacks (AC +1).


Message History

You kill the kobold!
You feel sick.
The centaur hits you from afar with a spear.
You block the centaur's attack. The centaur hits you with a spear!
* * * LOW HITPOINT WARNING * * *
Items here: ( )) † an uncursed blowgun; 4 poisoned needles; a dagger; a goblin corpse Drink which item? (? for menu, Esc to quit)
It was a potion of haste.
You feel yourself speed up.
* * * LOW HITPOINT WARNING * * *
You feel sick.
The centaur hits you but does no damage.
You block the centaur's attack.
You are very lightly contaminated with residual magic.
Drink which item? (? for menu, Esc to quit)
It was a potion of magic.
Magic courses through your body. The centaur barely misses you.
You hit the centaur but do no damage. The centaur hits you with a spear!
You die...

#######
#.....######
########.###.......
#..................
#.(################
#..)......
#.@####### #.#####
.....>.c.....#
#......
######...###.#
####### #...# #..<#
#...# #...# #...#
#.


You could see a centaur.

Vanquished Creatures
  2 adders (D:3)
  2 oozes (D:2)
  2 worms
  2 giant geckos (D:1)
  4 orcs (D:3)
  10 bats
  3 goblins
  4 hobgoblins
  3 kobolds
  3 giant cockroaches
  2 giant newts (D:2)
  5 rats
42 creatures vanquished.

Notes
Turn   | Place    | Note
--------------------------------------------------------------
     0 | D:1      | Ordine the Octopode Fighter began the quest for the Orb.
     0 | D:1      | Reached XP level 1. HP: 16/16 MP: 1/1
   129 | D:1      | Reached XP level 2. HP: 21/21 MP: 2/2
  1108 | D:2      | Reached XP level 3. HP: 18/26 MP: 3/3
  1828 | D:2      | Reached skill level 4 in Fighting
  2120 | D:3      | Reached XP level 4. HP: 33/33 MP: 4/4
  2193 | D:3      | Noticed a centaur
  2201 | D:3      | Slain by a centaur

Vault maps used:
D:1:      lightli_molten_gateway

Action                   |  1- 3 |  4- 6 || total
-------------------------+-------+-------++-------
Melee: Long sword        |    62 |    20 ||    82
  Use: Potion            |       |     2 ||     2
 Stab: Sleeping          |     7 |     1 ||     8
  Eat: Chunk             |     4 |       ||     4
